 Dungeon Crawl Stone Soup version 0.25-a0-603-g0321be95db (webtiles) character file.

Game seed: 1198166437057563736, levelgen mode: deterministic

7725 An17 the Cruncher (level 11, -1/86 HPs)
             Began as a Demonspawn Wanderer on Mar 16, 2020.
             Was a Believer of Nemelex Xobeh.
             Slain by a white ugly thing (17 damage)
             ... on level 9 of the Dungeon.
             The game lasted 00:24:45 (8628 turns).

An17 the Cruncher (Demonspawn Wanderer)             Turns: 8628, Time: 00:24:48

Health: -1/86      AC: 12    Str: 18    XL:     11   Next: 0%
Magic:  12/12      EV: 17    Int: 11    God:    Nemelex Xobeh [**....]
Gold:   652        SH:  0    Dex: 13    Spells: 10/10 levels left

rFire    . . .     SeeInvis .   w - +0 lajatang
rCold    . . .     Gourm    .   (shield currently unavailable)
rNeg     . . .     Faith    .   B - +3 ring mail
rPois    .         Spirit   .   f - +2 hat
rElec    .         Reflect  .   (no cloak)
rCorr    .         Harm     .   L - +0 pair of gloves
MR       .....                  (no boots)
Stlth    +.........             A - amulet of regeneration
HPRegen  0.64/turn              J - ring of flight
MPRegen  0.13/turn              (no ring)

@: no status effects
A: claws 2, repulsion field 2, powered by death 2, spiny 1
a: Draw Escape, Draw Destruction, Draw Summoning, Renounce Religion, Evoke
Flight


You were on level 9 of the Dungeon.
You worshipped Nemelex Xobeh.
Nemelex Xobeh was pleased with you.
You were not hungry.

You visited 2 branches of the dungeon, and saw 12 of its levels.

You collected 652 gold pieces.

Inventory:

Hand Weapons
 l - a +0 trident of freezing
 q - a +3 spear
 w - a +0 lajatang (weapon)
 D - a +1 halberd of venom
 F - a +2 vorpal hunting sling
 G - a +4 quarterstaff of pain
Missiles
 b - 2 throwing nets (quivered)
 r - 16 boomerangs
 O - 4 boomerangs of dispersal
 R - 34 sling bullets
Armour
 f - a +2 hat (worn)
 B - a +3 ring mail (worn)
 C - +0 acid dragon scales
 L - a +0 pair of gloves (worn)
Jewellery
 y - an uncursed amulet of the acrobat
 A - an amulet of regeneration (around neck)
 J - a ring of flight (left hand)
Wands
 u - a wand of flame (38)
 x - a wand of disintegration (9)
 I - a wand of scattershot (8)
 P - a wand of acid (10)
 Q - a wand of polymorph (8)
Scrolls
 d - 3 scrolls of teleportation
 m - 6 scrolls of amnesia
 p - 4 scrolls of magic mapping
 t - 8 scrolls of remove curse
 z - 4 scrolls of enchant armour
 N - a scroll of enchant weapon
Potions
 c - 2 potions of berserk rage
 e - 2 potions of curing
 g - 5 potions of heal wounds
 h - 2 potions of haste
 i - 2 potions of flight {unknown}
 j - a potion of invisibility {unknown}
 k - a potion of mutation
 n - 2 potions of cancellation
 o - 2 potions of resistance
 v - 2 potions of magic {unknown}
 E - a potion of brilliance {unknown}
 H - a potion of might {unknown}
 K - a potion of ambrosia {unknown}
 M - a potion of stabbing {unknown}
Comestibles
 s - 12 rations


   Skills:
 + Level 8.2 Fighting
   Level 1.0 Long Blades
 + Level 11.1 Staves
 + Level 1.1 Throwing
 + Level 5.9 Armour
 + Level 5.9 Dodging
 - Level 1.7 Stealth
 * Level 2.0 Invocations


You had 10 spell levels left.
You didn't know any spells.
Your spell library contained the following spells:

 Spells                   Type           Power        Failure   Level  Hunger
 Foxfire                  Conj/Fire      #...         52%         1    ##.....
 Sandblast                Erth           #.....       52%         1    ##.....
 Passwall                 Tmut/Erth      #.......     65%         2    ###....
 Conjure Flame            Conj/Fire      #.......     87%         3    ####...
 Inner Flame              Hex/Fire       #.......     87%         3    ####...
 Stone Arrow              Conj/Erth      #.....       87%         3    ####...
 Petrify                  Tmut/Erth      #.......     99%         4    #####..
 Sticky Flame             Conj/Fire      #.......     99%         4    #####..
 Fireball                 Conj/Fire      #.........   100%        5    ######.
 Lee's Rapid Deconstruct  Erth           #.........   100%        5    ######.


Dungeon Overview and Level Annotations

Branches:
Dungeon (11/15)            Temple (1/1) D:7            Lair (0/6) D:11
    Orc: D:9-12

Altars:
Ashenzari
Cheibriados
Dithmenos
Elyvilon
Fedhas
Gozag
Kikubaaqudgha
Makhleb
Nemelex Xobeh
Okawaru
Qazlal
Ru
Sif Muna
Trog
Uskayaw
Vehumet
Yredelemnul
Zin
The Shining One

Shops:
D:10 (


Innate Abilities, Weirdness & Mutations

You have very sharp fingernails.
You are surrounded by a moderate repulsion field. (EV +3)
You regenerate health from kills.
You are partially covered in sharp spines.


Message History

There is a stone staircase leading down here.
You draw a card...
You have drawn the Cloud.
Clouds appear around you! The white ugly thing gores you.
The white ugly thing freezes you!!
* * * LOW HITPOINT WARNING * * *
The white ugly thing completely misses you.
You feel much better.
The white ugly thing is struck by your spines.
The white ugly thing misses you.
You slash the white ugly thing!
The white ugly thing is lightly wounded.
You slice the white ugly thing!!
The white ugly thing is heavily wounded.
The white ugly thing closely misses you.
You slash the white ugly thing!
The white ugly thing is heavily wounded.
The white ugly thing gores you!
* * * LOW HITPOINT WARNING * * *
The white ugly thing freezes you!
You die...
Your body glows slightly and disappears.

#.........# #....##..
#..####...# #....##..
#..# #...###....##..
#..# #..........##..
#..####..............
#..°°°....#####......
#..○.°....# #......
#..°u○....# #..##..
#...@.....# #..##..
#....[....# #..##..
#.........#####..##..
#................##..
#.........[..........
#.......[............
#........#####.......
#........# #...####
#........# #...#


You could see a white ugly thing.

Vanquished Creatures
  A two-headed ogre (D:7)
  An ugly thing (D:9)
  Joseph (D:10)
  Maggie (D:7)
  A gargoyle (D:10)
  A troll (D:10)
  A shadow (D:7)
  Menkaure (D:6)
  2 water moccasins
  Duvessa (D:6)
  2 black bears
  3 orc warriors
  4 phantoms
  A sky beast (D:9)
  2 necrophages
  4 ice beasts
  5 ogres
  A crocodile (D:10)
  4 centaurs
  3 big kobolds
  4 bullfrogs
  A wyvern skeleton (D:7)
  Dowan (D:6)
  3 scorpions
  4 killer bees (D:9)
  9 wights (D:9)
  4 crimson imps
  3 centaur zombies
  2 bullfrog skeletons
  4 hounds
  2 jellies
  8 orc wizards
  2 centaur skeletons
  4 orc priests
  10 worker ants
  4 iguanas
  A mummy (D:8)
  Robin (D:2)
  10 adders
  4 gnolls
  7 shadow imps
  An ooze (D:5)
  2 adder skeletons
  2 worms
  3 dart slugs
  6 leopard geckos
  25 orcs
  A ball python (D:1)
  4 giant cockroaches
  15 goblins
  12 hobgoblins
  10 jackals
  2 quokkas
  7 bats
  3 frilled lizards (D:4)
  12 kobolds
  A quokka skeleton (D:4)
  A quokka zombie (D:6)
  5 rats
240 creatures vanquished.

Vanquished Creatures (others)
  A jackal (D:7)
1 creature vanquished.

Grand Total: 241 creatures vanquished

Notes
Turn   | Place    | Note
-------+----------+-------------------------------------------
     0 | D:1      | An17 the Demonspawn Wanderer began the quest for the Orb.
     0 | D:1      | An17 set off with the following items: a +0 quarterstaff, 3
                  | throwing nets, a +0 leather armour, a scroll of
                  | teleportation, a +0 dagger, a ration
     0 | D:1      | Reached XP level 1. HP: 18/18 MP: 1/1
   143 | D:1      | Gained mutation: You are surrounded by a mild repulsion
                  | field. (EV +2) [demonic ancestry]
   143 | D:1      | Reached XP level 2. HP: 24/24 MP: 2/2
   261 | D:1      | Reached skill level 1 in Staves
   377 | D:1      | Gained mutation: You are surrounded by a moderate repulsion
                  | field. (EV +3) [demonic ancestry]
   377 | D:1      | Reached XP level 3. HP: 14/29 MP: 3/3
   797 | D:2      | Noticed Robin
   821 | D:2      | Killed Robin
  1182 | D:2      | Reached XP level 4. HP: 14/35 MP: 4/4
  1206 | D:2      | Reached skill level 2 in Staves
  1584 | D:2      | Reached skill level 1 in Armour
  1731 | D:2      | Found a glowing silver altar of Zin.
  2167 | D:3      | Gained mutation: You are partially covered in sharp spines.
                  | [demonic ancestry]
  2167 | D:3      | Reached XP level 5. HP: 42/42 MP: 5/5
  2176 | D:3      | Found a shadowy altar of Dithmenos.
  2549 | D:4      | Reached skill level 3 in Staves
  2941 | D:4      | Gained mutation: You have sharp fingernails. [demonic
                  | ancestry]
  2941 | D:4      | Reached XP level 6. HP: 27/48 MP: 6/6
  3436 | D:4      | Reached skill level 4 in Staves
  3749 | D:5      | Entered Level 5 of the Dungeon
  3757 | D:5      | Gained mutation: You have very sharp fingernails. [demonic
                  | ancestry]
  3757 | D:5      | Reached XP level 7. HP: 55/55 MP: 7/7
  3878 | D:5      | Reached skill level 5 in Staves
  4060 | D:5      | Found a glowing golden altar of the Shining One.
  4426 | D:6      | Found a radiant altar of Vehumet.
  4516 | D:6      | Reached skill level 5 in Fighting
  4571 | D:6      | Reached skill level 6 in Staves
  4571 | D:6      | Gained mutation: You regenerate a little health from kills.
                  | [demonic ancestry]
  4571 | D:6      | Reached XP level 8. HP: 28/62 MP: 8/8
  4720 | D:6      | Noticed Menkaure
  4728 | D:6      | Killed Menkaure
  4751 | D:6      | Noticed an air elemental
  4753 | D:6      | Found a stormy altar of Qazlal.
  4765 | D:6      | Noticed Duvessa
  4766 | D:6      | Noticed Dowan
  4997 | D:6      | Killed Duvessa
  4997 | D:6      | Reached skill level 7 in Staves
  5010 | D:6      | Killed Dowan
  5608 | D:7      | Reached XP level 9. HP: 60/69 MP: 9/9
  5630 | D:7      | Reached skill level 5 in Dodging
  5660 | D:7      | Noticed Maggie
  5682 | D:7      | Killed Maggie
  5682 | D:7      | Reached skill level 8 in Staves
  5757 | D:7      | Found a staircase to the Ecumenical Temple.
  5762 | Temple   | Entered the Ecumenical Temple
  5796 | Temple   | Became a worshipper of Nemelex Xobeh the Trickster
  5930 | D:7      | Received a gift from Nemelex Xobeh
  6107 | D:7      | Found a basalt altar of Yredelemnul.
  6204 | D:7      | Noticed a two-headed ogre
  6214 | D:7      | Killed a two-headed ogre
  6214 | D:7      | Reached skill level 9 in Staves
  6443 | D:8      | Found a snail-covered altar of Cheibriados.
  6571 | D:8      | Reached XP level 10. HP: 73/79 MP: 10/10
  6630 | D:8      | Reached skill level 5 in Armour
  6649 | D:8      | Reached * piety under Nemelex Xobeh
  6981 | D:8      | Received a gift from Nemelex Xobeh
  6983 | D:8      | Found a bloodstained altar of Trog.
  7196 | D:9      | Reached skill level 10 in Staves
  7554 | D:9      | Reached ** piety under Nemelex Xobeh
  7554 | D:9      | Received a gift from Nemelex Xobeh
  7703 | D:9      | Noticed a green ugly thing
  7716 | D:9      | Killed a green ugly thing
  7886 | D:9      | Received a gift from Nemelex Xobeh
  7955 | D:10     | Entered Level 10 of the Dungeon
  8179 | D:10     | Found Usket's Weapon Boutique.
  8247 | D:10     | Reached skill level 11 in Staves
  8247 | D:10     | Reached skill level 1 in Invocations
  8429 | D:10     | Noticed Joseph
  8441 | D:10     | Killed Joseph
  8543 | D:11     | Received a gift from Nemelex Xobeh
  8543 | D:11     | Found a staircase to the Lair.
  8543 | D:11     | Noticed a gargoyle
  8548 | D:11     | Noticed a gargoyle
  8554 | D:10     | Killed a gargoyle
  8558 | D:10     | Gained mutation: You regenerate health from kills. [demonic
                  | ancestry]
  8558 | D:10     | Reached XP level 11. HP: 59/86 MP: 12/12
  8574 | D:11     | Noticed a white ugly thing
  8623 | D:9      | HP: 3/86 [white ugly thing (25)]
  8628 | D:9      | Slain by a white ugly thing

Levels and vault maps discovered:
D:1:      dpeg_arrival_ternary, layout_basic, minmay_misc_feat_columns,
          minmay_tetromino_s2
D:2:      layout_basic, lemuel_coloured_pillars_altar, minivault_23,
          corexii_hall_statues_i, serial_bayou_lake_a, uniq_robin
D:3:      layout_rooms, nicolae_dithmenos_shadow_blocks, first_ration
D:4:      layout_basic
D:5:      layout_basic, marbit_many_paths
D:6:      layout_cave_pools, vehumet_altar_wand_db,
          nicolae_qazlal_style_of_elements, chequers_serial_rivers_large_b,
          uniq_duvessa, uniq_menkaure
D:7:      minmay_klotski, layout_basic, lemuel_crystal_altar,
          minmay_temple_entry_arrows, kb_rosetta, uniq_maggie
D:8:      layout_loops_ring, bloody_trog, slow_altar_1
D:9:      layout_small_grid, blue_anna_alchemist [blue_anna_fruit_fields,
          blue_anna_fruit_fields]
D:10:     layout_long_grid, serial_shops, shop, uniq_joseph
D:11:     layout_cave_pools, minmay_lair_entry_grove, serial_shops, shop_coins,
          portal_ice_cave_entry_pillars_2, wad_mini_maze, uniq_grum
Temple:   jpeg_temple_clearing

Skill      XL: |  1  2  3  4  5  6  7  8  9 10 |
---------------+-------------------------------+-----
Dodging        | 3 4 5 |  5.9
Staves         | 1 2 3 4 6 7 9 11 | 11.1
Armour         | 1 2 3 4 5 |  5.9
Fighting       | 4 5 6 7 8 |  8.2
Invocations    | 2 |  2.0
Long Blades    | |  1.0
Throwing       | |  1.1
Stealth        | |  1.7

Action                   |  1- 3 |  4- 6 |  7- 9 | 10-12 || total
-------------------------+-------+-------+-------+-------++-------
Melee: Quarterstaff      |   135 |   161 |       |       ||   296
       Lajatang          |       |    12 |   209 |   242 ||   463
Throw: Throwing net      |       |     1 |     1 |       ||     2
Invok: Draw Destruction  |       |       |     2 |       ||     2
       Draw Escape       |       |       |       |     1 ||     1
  Use: Scroll            |     4 |     6 |     4 |     5 ||    19
       Potion            |       |       |       |     1 ||     1
 Stab: Sleeping          |     3 |     3 |       |       ||     6
  Eat: Ration            |     1 |     2 |     3 |     2 ||     8
Armor: Leather armour    |    38 |    35 |       |       ||    73
       Scale mail        |       |     3 |     6 |       ||     9
       Ring mail         |       |       |    43 |    78 ||   121
Dodge: Dodged            |   153 |   130 |   133 |   135 ||   551

Table legend:
 A = Non-vault XP
 B = Vault XP
 C = Vault XP percentage of total XP
 D = Non-vault monster count
 E = Vault monster count
 F = Vault count percentage of total count
                 A         B        C        D         E       F
            +---------+---------+-------+---------+---------+-------
      Total |    8943 |    2093 |  19.0 |     212 |      29 |  12.0
            +---------+---------+-------+---------+---------+-------
        D:1 |      44 |       6 |  12.0 |      19 |       3 |  13.6
        D:2 |     112 |      33 |  22.8 |      21 |      11 |  34.4
        D:3 |      36 |       0 |   0.0 |       7 |       0 |   0.0
        D:4 |     499 |       0 |   0.0 |      24 |       0 |   0.0
        D:5 |     418 |      13 |   3.0 |      13 |       1 |   7.1
        D:6 |     832 |     378 |  31.2 |      15 |       3 |  16.7
        D:7 |    1757 |     976 |  35.7 |      17 |       5 |  22.7
        D:8 |     768 |      16 |   2.0 |      25 |       1 |   3.8
        D:9 |    3062 |     101 |   3.2 |      54 |       2 |   3.6
       D:10 |    1413 |     556 |  28.2 |      16 |       2 |  11.1
       D:11 |       2 |      14 |  87.5 |       1 |       1 |  50.0
            +---------+---------+-------+---------+---------+-------
